 Dungeon Sprint DCSS version 0.28-a0-697-g47f3eba078 (webtiles) character file.

Game seed: 17197147864257325461

116 tatocazan the Cleaver (level 8, 68/68 HPs)
             Began as a Demonspawn Fighter on Oct 23, 2021.
             Was a Follower of Uskayaw.
             Got out of the dungeon alive.
             The game lasted 00:07:04 (724 turns).

tatocazan the Cleaver (Demonspawn Fighter)           Turns: 724, Time: 00:07:04

Health: 68/68      AC: 15    Str: 20    XL:     8   Next: 24%
Magic:  15/15      EV:  9    Int: 15    God:    Uskayaw [*.....]
Gold:   185        SH:  6    Dex: 15    Spells: 7/7 levels left

rFire   + . .      SeeInvis +   o - +0 broad axe
rCold   . . .      Faith    .   c - +0 buckler
rNeg    . . .      Spirit   .   b - +0 scale mail
rPois   .          Reflect  .   (no helmet)
rElec   .          Harm     .   (no cloak)
rCorr   .          Rampage  .   (no gloves)
Will    +....      NoTele   +   (no boots)
Stlth   ..........              (no amulet)
HPRegen 0.21/turn               q - ring of Propriety {rF+ AC+4 Dex+3 Slay+6}
MPRegen 0.14/turn               r - ring of Recklessness {Will+ Int+6 SInv}

@: no status effects
A: claws 2, thin metallic scales 2, powered by death 2
a: Renounce Religion, Stomp


You escaped.
You worshipped Uskayaw.
Uskayaw was aware of your devotion.
You visited 1 branch You collected 440 gold pieces.
You spent 255 gold pieces at shops.

Inventory:

Hand Weapons
 o - a +0 broad axe (weapon)
Armour
 b - a +0 scale mail (worn)
 c - a +0 buckler (worn)
Jewellery
 a - the ring of Townuyg {Fire Dex+4}
   (You bought it in a shop in the Dungeon)

   [ring of fire]

   It enhances your fire magic.
   Dex:       It affects your dexterity (+4).
   rF:        It protects you from fire.
   rC:        It makes you vulnerable to cold.
 q - the ring of Propriety (left claw) {rF+ AC+4 Dex+3 Slay+6}
   (You bought it in a shop in the Dungeon)

   [ring of protection]

   AC:        It affects your AC (+4).
   Dex:       It affects your dexterity (+3).
   Slay:      It affects your accuracy & damage with ranged weapons and melee
   (+6).
   rF:        It protects you from fire.
 r - the ring of Recklessness (right claw) {Will+ Int+6 SInv}
   (You bought it in a shop in the Dungeon)

   [ring of see invisible]

   Int:       It affects your intelligence (+6).
   SInv:      It lets you see invisible.
   Will:      It increases your willpower.
Wands
 k - a wand of acid (2)
 l - a wand of iceblast (1)
Scrolls
 j - 4 scrolls of blinking
 m - 3 scrolls of fog
Potions
 e - a potion of curing
 f - a potion of heal wounds
 g - 4 potions of haste
 h - 2 potions of magic
 i - a potion of berserk rage
 n - a potion of resistance
 p - a potion of flight {unknown}


   Skills:
 + Level 8.1 Fighting
 * Level 10.0 Axes
 + Level 7.4 Armour
 + Level 7.4 Shields
 + Level 9.6 Invocations


You had 7 spell levels left.
You didn't know any spells.
Your spell library was empty.

Dungeon Overview and Level Annotations

Branches:
Dungeon (1/1)

Altars:
Cheibriados
Dithmenos
Fedhas
Gozag
Kikubaaqudgha
Makhleb
Okawaru
Qazlal
Ru
Sif Muna
Trog
Uskayaw
Vehumet
Wu Jian
Xom
Yredelemnul
Zin
The Shining One
Beogh
Jiyva
Lugonu

Shops:
D *[??*?*:[((!!!!


Innate Abilities, Weirdness & Mutations

You have very sharp fingernails.
You are mostly covered in thin metallic scales. (AC +3)
You regenerate health from kills.


Message History

Unknown command.
Unknown command.
Unknown command.
Unknown command.
Unknown command.
Unknown command. notify_dgn_event: Lua error: [string "global_prelude"]:54: Not a monster spell: 'teleport self' notify_dgn_event: Lua error: [string "global_prelude"]:54: Not a monster spell: 'teleport self' notify_dgn_event: Lua error: [string "global_prelude"]:54: Not a monster spell: 'teleport self' notify_dgn_event: Lua error: [string "global_prelude"]:54: Not a monster spell: 'teleport self' notify_dgn_event: Lua error: [string "global_prelude"]:54: Not a monster spell: 'teleport self' notify_dgn_event: Lua error: [string "global_prelude"]:54: Not a monster spell: 'teleport self' notify_dgn_event: Lua error: [string "global_prelude"]:54: Not a monster spell: 'teleport self' notify_dgn_event: Lua error: [string "global_prelude"]:54: Not a monster spell: 'teleport self' notify_dgn_event: Lua error: [string "global_prelude"]:54: Not a monster spell: 'teleport self' notify_dgn_event: Lua error: [string "global_prelude"]:54: Not a monster spell: 'teleport self' notify_dgn_event: Lua error: [string "global_prelude"]:54: Not a monster spell: 'teleport self' notify_dgn_event: Lua error: [string "global_prelude"]:54: Not a monster spell: 'teleport self' notify_dgn_event: Lua error: [string "global_prelude"]:54: Not a monster spell: 'teleport self' notify_dgn_event: Lua error: [string "global_prelude"]:54: Not a monster spell: 'teleport self' notify_dgn_event: Lua error: [string "global_prelude"]:54: Not a monster spell: 'teleport self' notify_dgn_event: Lua error: [string "global_prelude"]:54: Not a monster spell: 'teleport self' notify_dgn_event: Lua error: [string "global_prelude"]:54: Not a monster spell: 'teleport self' notify_dgn_event: Lua error: [string "global_prelude"]:54: Not a monster spell: 'teleport self' You see here a wyvern skeleton. notify_dgn_event: Lua error: [string "global_prelude"]:54: Not a monster spell: 'teleport self' notify_dgn_event: Lua error: [string "global_prelude"]:54: Not a monster spell: 'teleport self' notify_dgn_event: Lua error: [string "global_prelude"]:54: Not a monster spell: 'teleport self' notify_dgn_event: Lua error: [string "global_prelude"]:54: Not a monster spell: 'teleport self' You see here a wyvern skeleton. notify_dgn_event: Lua error: [string "global_prelude"]:54: Not a monster spell: 'teleport self' notify_dgn_event: Lua error: [string "global_prelude"]:54: Not a monster spell: 'teleport self' notify_dgn_event: Lua error: [string "global_prelude"]:54: Not a monster spell: 'teleport self' notify_dgn_event: Lua error: [string "global_prelude"]:54: Not a monster spell: 'teleport self' notify_dgn_event: Lua error: [string "global_prelude"]:54: Not a monster spell: 'teleport self'
There is a staircase leading out of the dungeon here.
You don't know any spells.
Are you sure you want to leave the Dungeon?
This will make you lose the game! notify_dgn_event: Lua error: [string "global_prelude"]:54: Not a monster spell: 'teleport self' You have escaped!

#_........# ###.........###
#⌠...........⌠#
######.8.........8.######
##.__.......###..[...___∩##
###∩......÷.8.# #.8).......∩###
##.....÷.......###.............##
#⌠....÷.....###...###..........⌠#
#⌠..........# #.@.# #..........⌠#
#⌠..........###...###..........⌠#
##.............###.............##
###∩........8.# #.8........∩###
##∩___......###......_._∩##
######÷8.........8.######
#⌠...........⌠# ###.........###
#_......._#


There were no monsters in sight!

Vanquished Creatures
  5 wyverns (D)
  A fire elemental (D)
  2 fire bats (D)
  2 jellies (D)
  Jessica (D)
  2 adders (D)
  2 endoplasms (D)
  A goblin (D)
  A hobgoblin (D)
  A quokka (D)
18 creatures vanquished.

Notes
Turn   | Place    | Note
-------+----------+-------------------------------------------
     0 | D        | tatocazan the Demonspawn Fighter began the quest for the
                  | Orb.
     0 | D        | Reached XP level 1. HP: 18/18 MP: 1/1
     1 | D        | Found a corrupted altar of Lugonu.
     2 | D        | Found a burning altar of Makhleb.
     2 | D        | Found a bloodstained altar of Trog.
     3 | D        | Found a blossoming altar of Fedhas.
     3 | D        | Found an opulent altar of Gozag.
     4 | D        | Found a radiant altar of Vehumet.
     4 | D        | Found a shadowy altar of Dithmenos.
     4 | D        | Found Zyocuned's Premium Goods.
     4 | D        | Found Fets's Weapon Rack.
     5 | D        | Found Uplucuott's Miscellaneous Merchandise.
     5 | D        | Found Ruef's Basic Armour.
     5 | D        | Round 1.
    16 | D        | Reached skill level 2 in Axes
    23 | D        | Bought a +0 broad axe for 120 gold pieces
    27 | D        | Found a sacrificial altar of Ru.
    31 | D        | Found a stormy altar of Qazlal.
    32 | D        | Found Muziapak's Identification Station.
    33 | D        | Found Gidwusch's Advanced Armour.
    33 | D        | Found Orrir's Jewellery.
    34 | D        | Found a hide-covered altar of Uskayaw.
    38 | D        | Found a shimmering altar of Xom.
    41 | D        | Bought a pitted jade ring for 45 gold pieces
    41 | D        | Identified the ring of Townuyg {Fire Dex+4} (You bought it
                  | in a shop in the Dungeon)
    44 | D        | Became a worshipper of Uskayaw the Reveller
    58 | D        | Found a basalt altar of Yredelemnul.
    59 | D        | Found a snail-covered altar of Cheibriados.
    60 | D        | Found a viscous altar of Jiyva.
    60 | D        | Found an iron altar of Okawaru.
    60 | D        | Found Ixusaoxt's Magic Scroll Shop.
    60 | D        | Found Novarch's Staff Store.
    61 | D        | Found Pecwed's Magic Scroll Shop.
    61 | D        | Found Qyrufa's Must-Have Magic.
    68 | D        | Noticed Jessica
    71 | D        | Reached * piety under Uskayaw
    76 | D        | Found a shimmering blue altar of Sif Muna.
    77 | D        | Found an ornate altar of the Wu Jian Council.
    78 | D        | Killed Jessica
    79 | D        | Reached skill level 3 in Axes
    79 | D        | Gained mutation: You regenerate a little health from kills.
                  | [demonic ancestry]
    79 | D        | Reached XP level 2. HP: 25/25 MP: 1/3
    79 | D        | Reached ** piety under Uskayaw
    80 | D        | Gained mutation: You regenerate health from kills. [demonic
                  | ancestry]
    80 | D        | Reached XP level 3. HP: 30/30 MP: 1/4
   141 | D        | Reached *** piety under Uskayaw
   142 | D        | Arena points: 14 (+14) [x2]
   143 | D        | Reached skill level 4 in Axes
   180 | D        | Found Wuffy's Distillery.
   203 | D        | Round 2.
   204 | D        | Found Vepep's Distillery.
   204 | D        | Found Uvoonan's Bottled Wisdom.
   211 | D        | Found Lyllynka's Do-It-Yourself Clinic.
   211 | D        | Found an ancient bone altar of Kikubaaqudgha.
   228 | D        | Gained mutation: You are partially covered in thin metallic
                  | scales. (AC +2) [demonic ancestry]
   228 | D        | Reached XP level 4. HP: 26/38 MP: 6/6
   244 | D        | Reached skill level 5 in Axes
   251 | D        | Bought a smoking marble ring for 45 gold pieces
   251 | D        | Identified the ring of Propriety {rF+ AC+4 Dex+3 Slay+6}
                  | (You bought it in a shop in the Dungeon)
   256 | D        | Arena points: 44 (+30) [x3]
   260 | D        | Bought a flickering lead ring for 45 gold pieces
   260 | D        | Identified the ring of Recklessness {Will+ Int+6 SInv} (You
                  | bought it in a shop in the Dungeon)
   271 | D        | Round 3.
   273 | D        | Noticed a fire bat
   278 | D        | Noticed a fire bat
   279 | D        | Noticed a fire elemental
   280 | D        | Killed a fire bat
   281 | D        | Reached skill level 5 in Fighting
   281 | D        | Reached skill level 6 in Axes
   281 | D        | Reached skill level 5 in Armour
   281 | D        | Reached skill level 5 in Shields
   281 | D        | Gained mutation: You are mostly covered in thin metallic
                  | scales. (AC +3) [demonic ancestry]
   281 | D        | Reached XP level 5. HP: 26/46 MP: 7/9
   290 | D        | Killed a fire elemental
   290 | D        | Reached **** piety under Uskayaw
   291 | D        | Reached skill level 7 in Axes
   291 | D        | Gained mutation: You have sharp fingernails. [demonic
                  | ancestry]
   291 | D        | Reached XP level 6. HP: 36/53 MP: 8/11
   309 | D        | Noticed a fire elemental
   310 | D        | Noticed a fire bat
   318 | D        | Killed a fire bat
   319 | D        | Reached skill level 8 in Axes
   328 | D        | Arena points: 92 (+48) [x4]
   342 | D        | Round 4.
   358 | D        | Noticed a wyvern
   364 | D        | Killed a wyvern
   365 | D        | Gained mutation: You have very sharp fingernails. [demonic
                  | ancestry]
   365 | D        | Reached XP level 7. HP: 23/60 MP: 11/13
   435 | D        | Noticed a wyvern
   438 | D        | Noticed a wyvern
   439 | D        | Killed a wyvern
   440 | D        | Reached skill level 9 in Axes
   448 | D        | Killed a wyvern
   486 | D        | Noticed a wyvern
   486 | D        | Noticed a wyvern
   491 | D        | Killed a wyvern
   492 | D        | Reached XP level 8. HP: 32/68 MP: 13/15
   493 | D        | Reached skill level 10 in Axes
   517 | D        | Arena points: 116 (+24) [x1]
   532 | D        | Round 5.
   724 | D        | Got out of the dungeon alive.

Illustrated notes

Levels and vault maps discovered:
D:        arena_sprint

Skill      XL: |  1  2  3  4  5  6  7  8 |
---------------+-------------------------+-----
Axes           | 3 4 6 7 8 9 10 | 10.0
Armour         | 3 4 5 6 7 |  7.4
Shields        | 3 4 5 6 7 |  7.4
Invocations    | 2 3 6 7 8 9 |  9.6
Fighting       | 4 5 6 7 8 |  8.1

Action                   |  1- 3 |  4- 6 |  7- 9 || total
-------------------------+-------+-------+-------++-------
Melee: Broad axe         |    18 |    32 |     8 ||    58
       War axe           |     1 |       |       ||     1
Invok: Stomp             |       |     1 |       ||     1
Evoke: Wand              |       |     3 |     4 ||     7
  Use: Potion            |       |     3 |     1 ||     4
 Stab: Paralysed         |     1 |     1 |     1 ||     3
Armor: Scale mail        |    11 |    30 |     2 ||    43
Dodge: Dodged            |     8 |    18 |     5 ||    31
Block: Buckler           |     3 |     5 |     2 ||    10

Table legend: (Time is in decaauts)
 A = Elapsed time spent in this place.
 B = Non-inter-level travel time spent in this place.
 C = Inter-level travel time spent in this place.
 D = Time resting spent in this place.
 E = Time spent auto-exploring this place.
 F = Levels seen in this place.
 G = Mean time per level.
                   A        B        C        D        E       F      G
               +--------+--------+--------+--------+--------+-----+--------+
         Total |    740 |    740 |      0 |    191 |     94 |   1 |  740.0 |
       Dungeon |    740 |    740 |      0 |    191 |     94 |   1 |  740.0 |
               +--------+--------+--------+--------+--------+-----+--------+

Top non-repeatable levels by time:
       D: 740 daAuts
